 Dungeon Crawl Stone Soup version 0.19-a0-1049-g462a813 (webtiles) character file.

185 Gagarin the Conjurer (level 5, -1/38 HPs)
             Began as a Draconian Conjurer on July 31, 2016.
             Slain by an ogre
             ... wielding a +0 giant spiked club
              (12 damage)
             ... on level 3 of the Dungeon.
             The game lasted 00:09:21 (3385 turns).

Gagarin the Conjurer (Draconian Conjurer)           Turns: 3385, Time: 00:09:22

Health: -1/38      AC:  8    Str: 10    XL:     5   Next: 37%
Magic:  0/9        EV: 12    Int: 17    God:
Gold:   243        SH:  0    Dex: 11    Spells: 3 memorised, 4 levels left

rFire  . . .     SeeInvis .     (no weapon)
rCold  . . .     Gourm    .     (armour unavailable)
rNeg   . . .     Faith    .     (no shield)
rPois  .         Spirit   .     m - +1 hat
rElec  .         Dismiss  .     (no cloak)
rCorr  .         Reflect  .     t - +0 pair of gloves
SustAt .         Harm     .     i - +0 pair of boots (curse)
MR     .....                    (no amulet)
Stlth  ++........               (no ring)
                                (no ring)

@: very slightly contaminated, not resistant to hostile enchantments, unstealthy
A: unfitting armour, cold-blooded, AC +5
a: no special abilities


You were on level 3 of the Dungeon.
You were very hungry.

You visited 1 branch of the dungeon, and saw 4 of its levels.

You collected 243 gold pieces.

Inventory:

Hand Weapons
 w - a +0 hand crossbow
Missiles
 f - 63 arrows
Armour
 i - a cursed +0 pair of boots (worn)
 m - a +1 hat (worn)
 t - a +0 pair of gloves (worn)
Jewellery
 d - an uncursed amulet of dismissal {unknown}
 p - a +1 ring of evasion {unknown}
 u - a +1 ring of evasion {unknown}
 x - an uncursed ring of see invisible {unknown}
 y - an uncursed ring of fire {unknown}
Wands
 z - a wand of slowing (0/48)
Scrolls
 e - 2 scrolls of immolation {unknown}
 h - 2 scrolls of blinking {unknown}
 j - 4 scrolls of identify {unknown}
 o - a scroll of amnesia {unknown}
 r - 2 scrolls of recharging {unknown}
 v - 2 scrolls of remove curse {unknown}
Potions
 g - a potion of degeneration {unknown}
 l - a potion of curing {unknown}
 q - 2 potions of flight {unknown}
Books
 a - a book of Conjurations

   Spells                             Type                      Level
   a - Magic Dart                     Conjuration                  1
   b - Searing Ray                    Conjuration                  2
   c - Dazzling Spray                 Conjuration/Hexes            3
   d - Fulminant Prism                Conjuration/Hexes            4
   e - Iskenderun's Mystic Blast      Conjuration                  4
   f - Iskenderun's Battlesphere      Conjuration/Charms           5
 n - a book of Summonings

   Spells                             Type                      Level
   a - Recall                         Summoning/Translocation      3
   b - Aura of Abjuration             Summoning                    5
   c - Summon Demon                   Summoning                    5
   d - Summon Forest                  Summoning/Translocation      5
   e - Summon Mana Viper              Hexes/Summoning              5
   f - Shadow Creatures               Summoning                    6
Comestibles
 b - 4 bread rations
 c - 3 meat rations
 s - a beef jerky


   Skills:
 + Level 0.2 Fighting
 + Level 2.4 Dodging
 + Level 2.4 Stealth
 + Level 3.3 Spellcasting
 + Level 5.3 Conjurations


You had 4 spell levels left.
You knew the following spells:

 Your Spells              Type           Power        Failure   Level  Hunger
a - Magic Dart            Conj           ###.         1%          1    None
b - Searing Ray           Conj           ###...       2%          2    ##.....
c - Dazzling Spray        Conj/Hex       ##....       17%         3    ###....


Dungeon Overview and Level Annotations

Branches:
Dungeon (4/15)
 Temple: D:4-7

Altars:
Pakellas


Innate Abilities, Weirdness & Mutations

Your plain brown scales are hard. (AC +5)
Your body does not fit into most forms of armour.
You are cold-blooded and may be slowed by cold attacks.


Message History

There is a stone staircase leading down here.
Evoke which item? (* to show all) (? for menu, Esc to quit)
Okay, then.
Okay, then.
Okay, then.
Casting: Magic Dart
Confirm with . or Enter, or press ? or * to list all spells.
Aiming: Magic Dart
Press: ? - help, Shift-Dir - straight line, f - ogre
Aim: an ogre, wielding a giant spiked club (heavily wounded)
The magic dart hits the ogre.
The ogre is severely wounded.
The ogre misses you.
You hit the ogre.
The ogre is severely wounded.
The ogre barely misses you.
You hit the ogre.
The ogre is almost dead.
The ogre hits you with a giant spiked club!
You die...

##################
...............O@#
############.#####
#.# ########
#.#########
.......###
#.........#
......>..#
#########.#
.........#
#########.#
.........#
#.......#.#
.........#
#.#####.#.#


You could see an ogre.

Vanquished Creatures
  A scorpion (D:4)
  An iguana (D:4)
  3 adders (D:4)
  2 oozes
  An adder skeleton (D:4)
  6 dart slugs
  4 giant geckos
  3 ball pythons
  5 bats
  4 giant cockroaches
  4 goblins
  6 hobgoblins
  2 jackals (D:2)
  7 kobolds
  A giant gecko skeleton (D:4)
  4 giant newts
  5 rats
59 creatures vanquished.

Vanquished Creatures (others)
  A goblin (D:1)
  A hobgoblin (D:1)
2 creatures vanquished.

Grand Total: 61 creatures vanquished

Notes
Turn   | Place    | Note
-------+----------+-------------------------------------------
     0 | D:1      | Gagarin the Draconian Conjurer began the quest for the Orb.
     0 | D:1      | Reached XP level 1. HP: 14/14 MP: 3/3
   218 | D:1      | Reached XP level 2. HP: 12/20 MP: 0/5
  1275 | D:1      | Reached XP level 3. HP: 18/26 MP: 0/6
  1651 | D:2      | Learned a level 2 spell: Searing Ray
  1655 | D:2      | Learned a level 3 spell: Dazzling Spray
  2468 | D:3      | Reached XP level 4. HP: 33/33 MP: 5/8
  2702 | D:4      | Reached skill level 5 in Conjurations
  2853 | D:4      | Found an oddly glowing altar of Pakellas.
  3061 | D:4      | Reached XP level 5. HP: 26/38 MP: 0/9
  3290 | D:4      | Noticed an ogre
  3385 | D:3      | Slain by an ogre

Vault maps used:
D:1:      eino_arrival_druids_welcome, lemuel_old_faithful
D:2:      first_bread
D:4:      johnstein_pakellas_death_squad, serial_shops, nicolae_shop_stone,
          kennysheep_crisscross, minmay_misc_feat_tower, uniq_natasha

Skill      XL: |  1  2  3  4 |
---------------+-------------+-----
Stealth        | 2 |  2.4
Dodging        | 2 |  2.4
Conjurations   | 5 |  5.3
Spellcasting   | 3 |  3.3
Fighting       | |  0.2

Action                   |  1- 3 |  4- 6 || total
-------------------------+-------+-------++-------
Melee: Unarmed           |    41 |     7 ||    48
       Tailslap          |     6 |     1 ||     7
 Cast: Magic Dart        |   106 |    40 ||   146
       Searing Ray       |       |     5 ||     5
       Dazzling Spray    |       |     1 ||     1
 Stab: Invisible         |       |     1 ||     1
  Eat: Chunk             |     6 |     2 ||     8
Armor: Skin              |    20 |     1 ||    21
Dodge: Dodged            |    35 |    22 ||    57
